 Dungeon Crawl Stone Soup version 0.27-a0-1332-g84bddb5ca7 (webtiles) character file.

Game seed: 16955309491647830913

1555 senseless the Ducker (level 8, -2/100 HPs)
             Began as a Gnoll Monk on June 25, 2021.
             Was a Priest of Vehumet.
             Slain by Edmund (8 damage)
             ... on level 6 of the Dungeon.
             The game lasted 00:20:39 (6265 turns).

senseless the Ducker (Gnoll Monk)                   Turns: 6265, Time: 00:20:39

Health: -2/100     AC: 15    Str: 12    XL:     8   Next: 88%
Magic:  0/13       EV: 15    Int: 17    God:    Vehumet [***...]
Gold:   97         SH:  0    Dex: 14    Spells: 10/14 levels left

rFire    . . .     SeeInvis .   v - +0 flail (protect)
rCold    . . .     Faith    .   (no shield)
rNeg     . . .     Spirit   .   b - +0 robe
rPois    +         Reflect  .   (no helmet)
rElec    .         Harm     .   t - +2 cloak
rCorr    .         Rampage  .   y - +2 pair of gloves {Stlth+}
Will     .....                  (no boots)
Stlth    ..........             (no amulet)
HPRegen  0.26/turn              o - +6 ring of intelligence
MPRegen  0.13/turn              r - ring of poison resistance

@: berserking, under a protective aura, studying Earth Magic, very quick
A: fangs 1, strong nose, distributed training
a: Renounce Religion


You were on level 6 of the Dungeon.
You worshipped Vehumet.
Vehumet was most pleased with you.
You visited 1 branch of the dungeon, and saw 6 of its levels.

You collected 291 gold pieces.
You spent 194 gold pieces at shops.

Inventory:

Hand Weapons
 a - a +0 hand axe
 m - a +2 flail of distortion
 s - a +2 quarterstaff of chaos
 u - a +0 mace of protection
 v - a +0 flail of protection (weapon)
Missiles
 k - 175 stones (quivered)
Armour
 b - a +0 robe (worn)
 t - a +2 cloak (worn)
 y - a +2 pair of gloves of stealth (worn)
Jewellery
 d - a ring of fire
 o - a +6 ring of intelligence (left hand)
 r - a ring of poison resistance (right hand)
Wands
 e - a wand of flame (14)
 w - a wand of iceblast (32)
Scrolls
 f - a scroll of magic mapping
 g - 2 scrolls of immolation
 l - a scroll of fear
 n - a scroll of torment {unknown}
 z - 3 scrolls of teleportation
Potions
 c - a potion of haste
 h - 2 potions of brilliance {unknown}
 i - 3 potions of curing
 j - 2 potions of might
 p - a potion of berserk rage
 q - 4 potions of attraction
 A - a potion of mutation {unknown}


   Skills:
 + Level 7.5 Fighting
 + Level 3.6 Short Blades
 + Level 3.6 Long Blades
 + Level 7.5 Axes
 + Level 3.6 Maces & Flails
 + Level 3.6 Polearms
 + Level 3.6 Staves
 + Level 3.6 Slings
 + Level 3.6 Bows
 + Level 3.6 Crossbows
 + Level 3.6 Throwing
 + Level 3.6 Armour
 + Level 7.5 Dodging
 + Level 5.6 Stealth
 + Level 3.6 Shields
 + Level 3.6 Unarmed Combat
 + Level 3.6 Spellcasting
 + Level 3.0 Conjurations
 + Level 3.0 Hexes
 + Level 3.0 Summonings
 + Level 3.0 Necromancy
 + Level 3.0 Translocations
 + Level 3.0 Transmutations
 + Level 3.0 Fire Magic
 + Level 3.0 Ice Magic
 + Level 3.0 Air Magic
 + Level 3.2 Earth Magic
 + Level 3.0 Poison Magic
 + Level 4.0 Invocations
 + Level 3.6 Evocations


You had 10 spell levels left.
You knew the following spells:

 Your Spells              Type           Power      Damage    Failure   Level
a - Freeze                Ice            52%        1d7       1%          1
b - Stone Arrow           Conj/Erth      26%        3d8       4%          3

Your spell library contained the following spells:

 Spells                   Type           Power      Damage    Failure   Level
 Ignite Poison            Fire/Tmut/Pois 13%        N/A       4%          3
 Magic Dart               Conj           52%        1d5       1%          1
 Searing Ray              Conj           26%        3d4       1%          2
 Animate Skeleton         Necr           26%        N/A       4%          1
 Pain                     Necr           52%        1d6       4%          1
 Dazzling Flash           Conj/Hex       26%        N/A       4%          3
 Fulminant Prism          Conj/Hex       6%         3d7       13%         4
 Iskenderun's Mystic Bla  Conj/Tloc      13%        2d5       13%         4
 Vampiric Draining        Necr           6%         2d6       14%         3
 Animate Dead             Necr           6%         N/A       43%         4
 Agony                    Necr           13%        N/A       78%         5


Dungeon Overview and Level Annotations

Branches:
Dungeon (6/15)
 Temple: D:4-7

Altars:
Ashenzari
Kikubaaqudgha
Sif Muna
Vehumet
Xom

Shops:
D:4 *

Annotations:
D:6 Edmund, Sigmund


Innate Abilities, Weirdness & Mutations

You have very sharp teeth.
Your uncanny sense of smell can sniff out nearby items.
Your experience applies equally to all skills.


Message History

You closely miss Edmund. You punch Edmund.
Edmund is moderately wounded.
Edmund hits you but does no damage. Something hits you but does no damage.
You hit Edmund but do no damage.
Edmund is moderately wounded.
Edmund says, "People think my brother is the best.
I think he's crazy."
Edmund hits you but does no damage. Something hits you but does no damage.
Edmund completely misses you.
You closely miss Edmund.
Edmund is moderately wounded.
Something hits you! Edmund hits you but does no damage. Something hits you.
You hit Edmund but do no damage.
Edmund is moderately wounded.
Edmund closely misses you. Something closely misses you.
You closely miss Edmund.
Edmund is moderately wounded.
Edmund hits you with a +4 vorpal flail! Something barely misses you.
You hit Edmund but do no damage.
Edmund is moderately wounded.
Edmund hits you with a +4 vorpal flail.
* * * LOW HITPOINT WARNING * * *
Something hits you but does no damage.
Casting: Stone Arrow (dangerous; 4% risk of failure)
Confirm with . or Enter, or press ? or * to list all spells.
Aiming: Stone Arrow (dangerous; 4% risk of failure)
Press: ? - help, Shift-Dir - straight line The stone arrow hits Edmund!
Edmund is heavily wounded.
Edmund completely misses you. Something hits you!
* * * LOW HITPOINT WARNING * * *
A red film seems to cover your vision as you go berserk!
You feel yourself moving faster!
You feel mighty! Edmund hits you with a +4 vorpal flail.
* * * LOW HITPOINT WARNING * * *
x2 Something hits you!
* * * LOW HITPOINT WARNING * * *
You sock Edmund!
Edmund is severely wounded.
Edmund hits you with a +4 vorpal flail!
You die...

## #. . ..# #. .
..# #{ .#..# ∆#@###
.... #.@.# #.(
###.# #≈### #.#
#≈..## #.# .≈...##
#.# #≈....#### #.#
#≈.......# #.#
#≈.......# #.#
#≈##.#...########.#


You could see Edmund.

Vanquished Creatures
  Grinder (D:3)
  A yak (D:5)
  A water moccasin (D:6)
  An ice beast (D:4)
  A black bear (D:4)
  2 ogres (D:6)
  A bullfrog (D:5)
  3 scorpions
  A water moccasin skeleton (D:6)
  A centaur zombie (D:6)
  2 bullfrog zombies
  2 bullfrog skeletons
  A jelly (D:6)
  Crazy Yiuf (D:3)
  2 hounds
  A centaur skeleton (D:5)
  3 gnolls
  A howler monkey skeleton (D:5)
  4 adders
  A white imp (D:6)
  An adder zombie (D:5)
  An adder skeleton (D:4)
  A worm (D:3)
  6 dart slugs
  3 orcs
  5 ball pythons
  5 bats
  7 endoplasms
  2 giant cockroaches
  9 hobgoblins
  7 jackals
  A quokka (D:4)
  6 frilled lizards
  8 goblins
  5 kobolds
  8 rats
106 creatures vanquished.

Notes
Turn   | Place    | Note
-------+----------+-------------------------------------------
     0 | D:1      | senseless the Gnoll Monk began the quest for the Orb.
     0 | D:1      | Reached XP level 1. HP: 23/23 MP: 1/1
   253 | D:1      | Reached XP level 2. HP: 23/29 MP: 2/2
   491 | D:1      | Reached XP level 3. HP: 35/35 MP: 3/3
   866 | D:1      | Reached skill level 1 in Invocations
  1401 | D:2      | Reached skill level 1 in Short Blades
  1401 | D:2      | Reached skill level 1 in Long Blades
  1401 | D:2      | Reached skill level 1 in Maces & Flails
  1401 | D:2      | Reached skill level 1 in Polearms
  1401 | D:2      | Reached skill level 1 in Staves
  1401 | D:2      | Reached skill level 1 in Slings
  1401 | D:2      | Reached skill level 1 in Bows
  1401 | D:2      | Reached skill level 1 in Crossbows
  1401 | D:2      | Reached skill level 1 in Throwing
  1401 | D:2      | Reached skill level 1 in Armour
  1401 | D:2      | Reached skill level 1 in Shields
  1401 | D:2      | Reached skill level 1 in Unarmed Combat
  1401 | D:2      | Reached skill level 1 in Spellcasting
  1401 | D:2      | Reached skill level 1 in Evocations
  1909 | D:3      | Reached XP level 4. HP: 41/41 MP: 5/5
  1916 | D:3      | Found a faded altar of an unknown god.
  1982 | D:3      | Became a worshipper of Vehumet
  1982 | D:3      | Reached * piety under Vehumet
  1982 | D:3      | Offered knowledge of Freeze by Vehumet.
  1982 | D:3      | Reached ** piety under Vehumet
  1985 | D:3      | Learned a level 1 spell: Freeze
  2108 | D:3      | Offered knowledge of Poisonous Vapours by Vehumet.
  2128 | D:3      | Found a broken altar of Ashenzari.
  2438 | D:3      | Offered knowledge of Stone Arrow by Vehumet.
  2443 | D:3      | Learned a level 3 spell: Stone Arrow
  2541 | D:3      | Found an ancient bone altar of Kikubaaqudgha.
  2545 | D:3      | Noticed Grinder
  2564 | D:3      | Paralysed by Grinder for 5 turns
  2575 | D:3      | Killed Grinder
  2576 | D:3      | Reached skill level 1 in Conjurations
  2576 | D:3      | Reached skill level 1 in Hexes
  2576 | D:3      | Reached skill level 1 in Summonings
  2576 | D:3      | Reached skill level 1 in Necromancy
  2576 | D:3      | Reached skill level 1 in Translocations
  2576 | D:3      | Reached skill level 1 in Transmutations
  2576 | D:3      | Reached skill level 1 in Fire Magic
  2576 | D:3      | Reached skill level 1 in Ice Magic
  2576 | D:3      | Reached skill level 1 in Air Magic
  2576 | D:3      | Reached skill level 1 in Earth Magic
  2576 | D:3      | Reached skill level 1 in Poison Magic
  2576 | D:3      | Reached XP level 5. HP: 20/47 MP: 5/7
  2576 | D:3      | Reached XP level 6. HP: 22/53 MP: 5/8
  2864 | D:3      | Found a runed translucent door.
  2865 | D:3      | Noticed Crazy Yiuf
  3108 | D:3      | Killed Crazy Yiuf
  3422 | D:4      | Reached *** piety under Vehumet
  3431 | D:4      | Noticed an ice beast
  3558 | D:4      | Killed an ice beast
  3559 | D:4      | Reached XP level 7. HP: 60/60 MP: 3/10
  3938 | D:4      | Reached skill level 5 in Stealth
  4072 | D:4      | Offered knowledge of Ignite Poison by Vehumet.
  4081 | D:4      | Found a shimmering blue altar of Sif Muna.
  4474 | D:4      | Found Vosiwkeo's General Store.
  4514 | D:4      | Bought a scroll of enchant armour for 97 gold pieces
  4514 | D:4      | Bought a scroll of enchant armour for 97 gold pieces
  4549 | D:5      | Entered Level 5 of the Dungeon
  5106 | D:5      | Reached XP level 8. HP: 62/67 MP: 12/12
  5871 | D:6      | Found a shimmering altar of Xom.
  5871 | D:6      | Noticed a yak
  5871 | D:6      | Noticed a yak
  5871 | D:6      | Noticed a yak
  5871 | D:6      | Noticed a yak
  5871 | D:6      | Noticed a yak
  5918 | D:5      | Killed a yak
  6247 | D:6      | Noticed Sigmund
  6248 | D:6      | Noticed Edmund
  6265 | D:6      | Slain by Edmund

Illustrated notes

Levels and vault maps discovered:
D:1:      evilmike_arrival_rings, layout_rooms, chequers_serial_rivers_micro_b,
          minmay_tripent
D:2:      layout_rooms, dk_noncrumbling_3, grunt_decor_clamped
D:3:      layout_basic, nicolae_overflow_crystal_walls, amcnicky_altar_gilded,
          hellmonk_ecumenical_altar_blasted, uniq_crazy_yiuf_cottage,
          uniq_grinder
D:4:      layout_rooms, marbit_many_paths, serial_shops, shop, st_stairs_13
D:5:      layout_loops_corners
D:6:      layout_loops_cross, led_xom_imps, serial_bayou_pond_d,
          chequers_mini_garden, chequers_serial_rivers_micro_e, uniq_sigmund,
          uniq_menkaure, uniq_eustachio, uniq_edmund, uniq_pikel

Skill      XL: |  1  2  3  4  5  6  7  8 |
---------------+-------------------------+-----
Invocations    | 1 2 3 4 |  4.0
Short Blades   | 1 2 3 |  3.6
Long Blades    | 1 2 3 |  3.6
Maces & Flails | 1 2 3 |  3.6
Polearms       | 1 2 3 |  3.6
Staves         | 1 2 3 |  3.6
Slings         | 1 2 3 |  3.6
Bows           | 1 2 3 |  3.6
Crossbows      | 1 2 3 |  3.6
Throwing       | 1 2 3 |  3.6
Armour         | 1 2 3 |  3.6
Shields        | 1 2 3 |  3.6
Unarmed Combat | 1 2 3 |  3.6
Spellcasting   | 1 2 3 |  3.6
Evocations     | 1 2 3 |  3.6
Conjurations   | 1 2 3 |  3.0
Hexes          | 1 2 3 |  3.0
Summonings     | 1 2 3 |  3.0
Necromancy     | 1 2 3 |  3.0
Translocations | 1 2 3 |  3.0
Transmutations | 1 2 3 |  3.0
Fire Magic     | 1 2 3 |  3.0
Ice Magic      | 1 2 3 |  3.0
Air Magic      | 1 2 3 |  3.0
Earth Magic    | 1 2 3 |  3.2
Poison Magic   | 1 2 3 |  3.0
Fighting       | 7 |  7.5
Axes           | 7 |  7.5
Dodging        | 7 |  7.5
Stealth        | 5 |  5.6

Action                   |  1- 3 |  4- 6 |  7- 9 || total
-------------------------+-------+-------+-------++-------
Melee: Hand axe          |   122 |    48 |       ||   170
       Bite              |     6 |    14 |    11 ||    31
       Flail             |       |    41 |   142 ||   183
       Mace              |       |    11 |       ||    11
       Punch             |       |     1 |     5 ||     6
Throw: Stone             |    37 |    71 |   102 ||   210
 Cast: Stone Arrow       |       |     4 |    16 ||    20
Evoke: Wand              |       |     1 |       ||     1
  Use: Potion            |       |     4 |     1 ||     5
       Scroll            |       |       |    14 ||    14
 Stab: Sleeping          |     6 |       |       ||     6
Armor: Robe              |    23 |    20 |    75 ||   118
Dodge: Dodged            |    97 |    72 |   147 ||   316

Table legend: (Time is in decaauts)
 A = Elapsed time spent in this place.
 B = Non-inter-level travel time spent in this place.
 C = Inter-level travel time spent in this place.
 D = Time resting spent in this place.
 E = Time spent auto-exploring this place.
 F = Levels seen in this place.
 G = Mean time per level.
                   A        B        C        D        E       F      G
               +--------+--------+--------+--------+--------+-----+--------+
         Total |   6303 |   5955 |    348 |     65 |   4916 |   6 | 1050.5 |
       Dungeon |   6303 |   5955 |    348 |     65 |   4916 |   6 | 1050.5 |
               +--------+--------+--------+--------+--------+-----+--------+

Top non-repeatable levels by time:
     D:3: 1489 daAuts
     D:4: 1178 daAuts
     D:1: 1167 daAuts
     D:5: 1158 daAuts
     D:2: 735 daAuts
     D:6: 573 daAuts
